Map: Efflorescence LE

Players

ShuAL - Winner!

  • Race: Terran Terran
  • Spawn Location: 6:00

MrJoe - Winner!

  • Race: Terran Terran
  • League: Diamond
  • Spawn Location: 9:00

Massa

  • Race: Terran Terran
  • Spawn Location: 3:00

qqq

  • Race: Protoss Protoss
  • Spawn Location: 12:00

VOD

Have the link to the VOD?

Description

Time

  • Played on: June 11, 2020, 11:49 a.m.
  • Length: 12:55
Show
View Real Time Build Order
Export as new Build Order

ShuAL Terran - Winner!

Build Orders: Liberator Opening 

Get SALT Encoding   

  12  0:01  SCV  
  13  0:13  SCV  
  14  0:19  Supply Depot  
  14  0:25  SCV  
  15  0:40  Refinery, SCV  
  16  0:46  Barracks  
  16  0:52  SCV  
  17  1:04  SCV  
  18  1:16  SCV  
  19  1:31  Supply Depot  
  19  1:34  Marine  
  19  1:35  Orbital Command  
  20  1:42  Factory  
  20  1:45  Refinery  
  20  1:52  Marine  
  21  2:05  SCV  
  21  2:09  Marine  
  22  2:17  SCV  
  23  2:22  Supply Depot  
  23  2:27  Factory Tech Lab, Marine  
  23  2:29  SCV  
  25  2:31  Starport  
  25  2:41  SCV  
  26  2:45  Marine  
  26  2:46  Supply Depot  
  27  2:53  Siege Tank  
  30  3:00  SCV  
  31  3:06  Marine  
  31  3:10  Liberator  
  35  3:25  SCV  
  36  3:28  Marine  
  37  3:37  SCV  
  37  3:39  Siege Tank  
  41  3:45  Marine  
  42  3:58  Viking  
  44  4:03  Marine  
  45  5:08  SCV  
  35  5:57  Marine  
  35  5:58  Siege Tank  
  35  5:59  Viking  
  35  6:00  SCV  
  42  6:05  Command Center  
  42  6:12  SCV  
  42  6:16  Barracks Tech Lab  
  42  6:17  Barracks, Command Center  
  43  6:18  Barracks  
  43  6:24  SCV  
  44  6:30  Siege Tank  
  47  6:55  SCV, Marine  
  45  7:07  SCV  
  46  7:13  Marine  
  47  7:16  Siege Tank  
  47  7:19  SCV  
  51  7:31  SCV, Marine  
  51  7:34  Viking  
  55  7:37  Barracks Reactor x2, Stimpack  
  55  7:40  Orbital Command  
  55  7:41  Engineering Bay  
  55  7:43  SCV  
  56  7:49  Marine  
  57  7:55  SCV  
  57  8:03  Siege Tank  
  60  8:07  Marine  
  60  8:08  SCV  
  60  8:09  Starport  
  60  8:12  Orbital Command, Starport Reactor  
  61  8:20  SCV  
  59  8:32  SCV  
  57  8:36  Marine x2  
  57  8:37  Marauder, Marine x2  
  63  8:44  SCV  
  64  8:53  Orbital Command  
  64  8:55  SCV  
  65  8:56  SCV  
  65  8:58  Marauder  
  68  9:07  SCV  
  68  9:08  Refinery, SCV  
  68  9:09  Starport Tech Lab  
  70  9:10  Refinery  
  70  9:18  Medivac x2  
  70  9:19  SCV  
  70  9:20  SCV  
  76  9:31  SCV  
  77  9:42  Terran Infantry Weapons Level 1  
  77  9:46  Engineering Bay, Combat Shield  
  77  9:49  Armory  
  77  9:52  SCV x3, Marauder, Marine x4, Supply Depot  
  86  9:53  Supply Depot x2  
  86  9:54  Medivac x2  
  90  10:02  Raven  
  90  10:04  SCV  
  93  10:08  Supply Depot  
  93  10:14  SCV x2, Marine x2  
  97  10:16  SCV  
  97  10:20  Refinery  
  98  10:22  Refinery  
  98  10:26  SCV x2, Marine x2, Missile Turret  
  98  10:27  Missile Turret  
  98  10:28  SCV  
  103  10:31  Terran Infantry Armor Level 1  
  103  10:36  Marine x2  
  103  10:37  Marine  
  103  10:38  SCV x2  
  103  10:39  Medivac  
  103  10:40  SCV  
  111  10:43  Marine  
  112  10:52  Marine  
  112  10:53  SCV  
  112  10:54  Marine x2  
  116  10:57  Marine  
  116  10:58  Siege Tank  
  116  10:59  Medivac  
  116  11:01  Marine  
  123  11:15  Marauder  
  117  11:39  Marine  
  106  11:40  Marine x4  
  106  11:41  SCV  
  106  11:46  SCV  
  112  11:51  SCV  
  112  11:53  SCV  
  114  11:55  Missile Turret  
  114  11:56  Missile Turret  
  114  11:57  Marine, Missile Turret  
  114  11:58  SCV  
  116  12:05  Marine  
  116  12:06  Marine x3  
  120  12:09  Command Center  
  120  12:10  Viking x2  
  120  12:13  SCV  
  125  12:16  Missile Turret  
  125  12:19  Missile Turret  
  125  12:27  Marine  
  125  12:28  SCV  
  125  12:30  Marauder  
Show
View Real Time Build Order
Export as new Build Order

MrJoe Terran - Winner!

Build Orders: 1/1/1, Banshee Rush 

Get SALT Encoding   

  12  0:00  SCV  
  13  0:13  SCV  
  14  0:18  Supply Depot  
  14  0:25  SCV  
  15  0:31  Refinery  
  15  0:39  SCV  
  16  0:47  Barracks  
  16  0:52  SCV  
  17  1:06  SCV  
  18  1:18  SCV  
  18  1:34  Orbital Command  
  18  1:35  Marine  
  19  1:40  Factory  
  19  1:44  Supply Depot  
  19  1:53  Marine  
  20  2:02  SCV  
  20  2:05  Refinery  
  21  2:11  Marine  
  21  2:14  SCV  
  23  2:25  Supply Depot  
  23  2:29  Starport  
  23  2:30  SCV  
  23  2:32  Factory Tech Lab  
  23  2:34  Marine  
  25  2:42  SCV  
  26  2:52  Marine  
  26  2:54  SCV  
  28  3:00  Widow Mine  
  30  3:06  SCV  
  30  3:12  Cloaking Field  
  31  3:13  Banshee  
  31  3:14  Marine  
  35  3:20  SCV  
  35  3:21  Widow Mine  
  35  3:26  Supply Depot  
  38  3:32  SCV  
  39  3:47  Marine  
  39  3:48  Widow Mine  
  42  3:55  Banshee  
  45  4:04  Command Center  
  45  4:18  Marine  
  46  4:37  Marine  
  47  4:46  Supply Depot  
  47  4:47  Supply Depot  
  47  4:49  Widow Mine  
  45  5:02  Marine  
  46  5:08  Banshee  
  46  5:11  Hellion  
  48  5:23  Barracks x2  
  47  5:37  Marine  
  47  5:38  Widow Mine  
  50  5:43  Supply Depot  
  50  5:44  SCV x2  
  51  6:10  SCV  
  51  6:11  Orbital Command  
  52  6:17  Barracks Reactor x2  
  49  6:22  Starport, Starport Reactor  
  49  6:24  Factory Tech Lab  
  49  6:27  Stimpack  
  49  6:28  SCV  
  49  6:32  Engineering Bay  
  47  6:35  Engineering Bay  
  47  6:40  SCV  
  47  6:44  SCV  
  49  6:49  Barracks Reactor  
  49  6:50  Refinery  
  49  6:52  Refinery  
  49  6:53  SCV  
  48  6:56  SCV  
  47  7:05  SCV  
  48  7:08  SCV  
  49  7:16  Marine x2  
  49  7:17  SCV, Marauder, Siege Tank  
  49  7:18  Starport Reactor, Medivac x2  
  61  7:23  Terran Infantry Armor Level 1, Terran Infantry Weapons Level 1  
  61  7:25  SCV  
  61  7:29  SCV  
  60  7:36  Marine x4  
  64  7:37  SCV  
  64  7:38  Marine  
  64  7:41  SCV  
  67  7:48  Liberator x2  
  73  7:53  Marine  
  73  7:54  Marine x2  
  76  8:01  Marauder  
  76  8:03  Widow Mine  
  76  8:04  Liberator  
  76  8:05  SCV x2  
  85  8:28  Marine  
  86  8:39  Command Center  
  86  8:46  Supply Depot  
  86  8:49  Supply Depot  
  86  8:50  Concussive Shells  
  86  8:51  SCV, Marine x3, Siege Tank  
  86  8:52  Marauder  
  95  8:57  SCV, Armory  
  96  9:08  Marine  
  96  9:09  Marine, Medivac  
  100  9:11  Viking  
  100  9:13  Marauder  
  100  9:14  SCV  
  105  9:22  Marine x2  
  107  9:26  SCV, Marine x2  
  110  9:34  Marine  
  111  9:48  Marine  
  111  9:49  Marine x3  
  111  9:52  Marine  
  107  10:04  Planetary Fortress  
  97  10:09  Missile Turret x2  
  97  10:11  Missile Turret  
  97  10:12  Missile Turret  
  97  10:14  Missile Turret  
  97  10:16  Missile Turret  
  97  10:17  Missile Turret  
  97  10:18  SCV x2  
  99  10:24  Marine x3  
  99  10:25  Marauder, Marine  
  105  10:30  SCV x2  
  105  10:34  Thor  
  113  10:42  SCV x2  
  115  10:43  Sensor Tower  
  115  10:45  SCV  
  115  10:47  Marauder  
  118  11:05  Viking x2  
  118  11:07  Viking  
  118  11:09  SCV x2  
  126  11:20  Thor  
  126  11:21  Marine  
  133  11:26  Supply Depot  
  133  11:29  Marine x4  
  133  11:30  Supply Depot  
  137  11:32  Liberator  
  137  11:34  SCV  
  137  11:39  Refinery  
  141  11:40  Refinery  
  141  11:42  Supply Depot  
  141  11:45  Supply Depot  
  141  11:47  SCV x3  
  141  11:49  Marine x3  
  141  11:50  Marine  
  148  11:54  Supply Depot  
  148  12:10  Marine x2  
  148  12:11  Marine  
  148  12:12  Marine  
  148  12:14  SCV, Command Center  
  148  12:15  SCV  
  154  12:16  SCV  
  145  12:34  Marine x4  
Show
View Real Time Build Order
Export as new Build Order

Massa Terran 

Build Orders:  

Get SALT Encoding   

  12  0:10  Supply Depot  
  12  0:13  SCV  
  13  0:25  SCV  
  14  0:34  Barracks  
  14  0:38  SCV  
  15  0:50  SCV  
  16  1:02  SCV  
  17  1:17  Supply Depot  
  17  1:19  SCV  
  18  1:31  SCV  
  19  1:45  Barracks  
  19  1:54  Command Center  
  19  2:08  Marine  
  20  2:09  Supply Depot  
  20  2:15  Refinery, SCV  
  21  2:26  Marine  
  21  2:27  SCV  
  21  2:28  Supply Depot  
  23  2:43  Marine  
  24  2:47  Refinery  
  24  2:48  Marine  
  25  2:53  Orbital Command  
  25  3:01  Marine  
  26  3:06  SCV, Marine  
  28  3:18  SCV  
  29  3:25  SCV, Factory  
  30  3:31  SCV  
  31  3:37  SCV  
  31  3:39  Barracks Tech Lab  
  32  3:43  SCV  
  33  3:49  SCV  
  33  3:54  Refinery  
  33  3:55  SCV  
  35  4:01  SCV  
  36  4:03  Engineering Bay  
  36  4:16  Supply Depot  
  36  4:22  Factory Tech Lab  
  36  4:28  Engineering Bay  
  36  4:30  Marauder, Marine  
  37  4:47  Siege Tank  
  37  4:48  Marine  
  41  5:05  Marine  
  38  5:14  Barracks  
  38  5:15  Barracks  
  38  5:23  Marine  
  38  5:26  Terran Infantry Armor Level 1  
  39  5:30  Barracks  
  39  5:31  Barracks  
  39  5:35  Siege Tank  
  42  5:41  Marine  
  42  5:59  Marine  
  42  6:02  Marine x2  
  45  6:12  Orbital Command  
  45  6:17  Marine  
  46  6:44  Supply Depot x2  
  46  6:46  Supply Depot  
  46  6:50  Barracks Tech Lab  
  46  6:51  Barracks Reactor  
  46  7:00  Barracks Tech Lab  
  46  7:02  Barracks Tech Lab, Supply Depot  
  46  7:05  Marine, Siege Tank  
  46  7:08  Factory, Supply Depot  
  48  7:10  Supply Depot  
  48  7:14  Missile Turret  
  47  7:26  Supply Depot  
  47  7:32  Missile Turret  
  47  7:34  Missile Turret  
  47  7:51  Marauder x2, Marine  
  47  7:52  Marauder, Marine x2, Missile Turret  
  54  8:09  Marine  
  57  8:13  Marauder x3  
  63  8:34  SCV x2, Marauder x2  
  67  8:44  Marauder, Marine  
  70  8:54  Supply Depot  
  70  8:58  Supply Depot  
  70  9:14  Stimpack  
  70  9:15  Concussive Shells  
  70  9:16  SCV x2, Marauder x3, Combat Shield  
  78  9:28  SCV x2  
  78  9:30  Engineering Bay  
  80  9:34  Engineering Bay  
  80  9:37  Marauder x2  
  84  9:40  SCV x2  
  86  10:02  SCV x2, Armory  
  85  10:11  Factory Tech Lab  
  85  10:14  SCV  
  86  10:25  Supply Depot  
  86  10:26  Supply Depot  
  86  10:31  Supply Depot  
  86  10:47  SCV x2, Marauder x3, Marine x3, Siege Tank  
  86  10:49  Terran Infantry Weapons Level 1, Supply Depot  
  100  10:52  Supply Depot  
  100  10:59  SCV  
  101  11:08  Marauder x2  
  101  11:09  Marauder  
  98  11:19  Siege Tank  
  98  11:22  Marine x2  
  98  11:23  Marine  
  94  11:30  Marauder x3  
  99  11:40  Marine  
  99  11:43  SCV  
  99  11:44  SCV  
  102  11:51  Marauder x2  
  102  11:52  Marauder  
  108  11:55  SCV  
  108  11:56  SCV  
  110  12:08  SCV x2  
  112  12:14  Missile Turret  
  112  12:19  Marauder x2, Marine  
  112  12:20  SCV x2  
  104  12:32  SCV x2  
  104  12:34  Missile Turret  
  52  12:54  Missile Turret  
Show
View Real Time Build Order
Export as new Build Order

qqq Protoss 

Build Orders: Phoenix Opening, Mass Phoenix 

Get SALT Encoding   

  12  0:03  Probe  
  13  0:27  Probe  
  14  0:31  Pylon  
  14  0:39  Probe  
  14  0:40  Pylon  
  15  0:52  Gateway  
  15  0:57  Probe  
  15  1:00  Assimilator  
  16  1:06  Assimilator  
  16  1:09  Probe  
  17  1:21  Probe  
  18  1:33  Probe  
  19  1:41  Cybernetics Core  
  19  1:45  Probe  
  20  1:58  Probe  
  21  2:10  Probe  
  22  2:17  Stargate  
  22  2:22  Probe  
  23  2:32  Nexus  
  23  2:55  Stargate  
  23  2:56  Stalker  
  25  3:01  Phoenix  
  27  3:26  Phoenix  
  29  3:46  Probe  
  29  3:47  Assimilator  
  30  3:52  Assimilator  
  30  3:56  Pylon  
  30  3:58  Probe  
  30  4:02  Phoenix  
  33  4:05  Pylon  
  33  4:11  Probe  
  34  4:36  Phoenix x2  
  36  4:54  Phoenix  
  36  4:55  Phoenix  
  35  5:18  Probe  
  36  5:30  Probe  
  37  5:43  Phoenix x2  
  37  6:01  Probe  
  38  6:08  Phoenix  
  36  6:13  Probe  
  36  6:16  Robotics Facility  
  36  6:17  Probe  
  33  6:25  Probe  
  33  6:29  Probe  
  31  6:37  Probe  
  32  6:41  Probe  
  33  6:49  Probe  
  33  6:54  Probe  
  29  7:02  Probe, Phoenix  
  29  7:03  Phoenix  
  29  7:06  Probe  
  29  7:07  Observer  
  34  7:14  Probe  
  35  7:18  Probe  
  36  7:26  Probe  
  36  7:29  Phoenix x2  
  41  7:38  Probe  
  42  7:50  Probe  
  43  7:54  Phoenix  
  43  7:57  Phoenix  
  45  8:02  Probe  
  46  8:17  Probe  
  45  8:24  Protoss Air Weapons Level 1  
  45  8:34  Pylon  
  45  8:38  Pylon  
  45  8:52  Phoenix x2  
  45  8:55  Pylon  
  49  8:58  Pylon  
  49  9:13  Pylon  
  49  9:14  Pylon  
  49  9:17  Phoenix x2  
  51  9:42  Phoenix x2  
  39  10:00  Probe  
  39  10:05  Probe  
  41  10:07  Phoenix  
  41  10:12  Probe  
  44  10:15  Pylon  
  44  10:17  Probe  
  45  10:21  Forge  
  45  10:22  Probe  
  46  10:29  Probe  
  46  10:30  Probe  
  48  10:38  Probe  
  48  10:42  Probe  
  50  10:50  Probe  
  50  10:54  Probe  
  52  11:03  Probe  
  53  11:06  Probe  
  53  11:10  Fleet Beacon  
  95  11:11  Phoenix  
  54  11:15  Photon Cannon  
  56  11:18  Photon Cannon  
  56  11:38  Probe  
  57  11:45  Photon Cannon  
  57  11:48  Photon Cannon  
  57  11:51  Probe  
  58  12:01  Phoenix x2  
  62  12:03  Probe  
  63  12:15  Probe  
  64  12:26  Phoenix  
  64  12:27  Probe  
Tags
 
Add a new tag
Caveats
  • Supply blocks, unpowered buildings, or Contaminate may cause inaccurate times.
  • Supply counts are checked every 10 seconds.